 Dungeon Crawl Stone Soup version 0.28-a0-425-gd0eccab798 (webtiles) character file.

Game seed: 2342780792815631904

238595 robertstho the Eclecticist (level 20, -3/143 HPs)
             Began as a Djinni Fire Elementalist on Sept 9, 2021.
             Was an Initiate of Gozag.
             Collided with a rock wall (15 damage)
             ... caused by a deep elf knight
             ... on level 1 of the Elven Halls.
             The game lasted 01:52:46 (58178 turns).

robertstho the Eclecticist (DjFE)                  Turns: 58178, Time: 01:52:47

Health: -3/143     AC: 14    Str: 10    XL:     20   Next: 4%
Gold:   4932       EV: 14    Int: 26    God:    Gozag SH:  9 Dex: 10

rFire   + + +      SeeInvis +   I - +11 spear "Byecenlo" {vorpal, Fly rN+ Dex-5 SInv}
rCold   . . .      Faith    .   H - +0 kite shield {reflect}
rNeg    + + .      Spirit   .   N - +2 scale mail of Levity {rElec}
rPois   ∞          Reflect  +   v - +2 helmet {Int+3}
rElec   +          Harm     .   r - scarf {rC+ rF+}
rCorr   .          Rampage  .   q - +2 pair of gloves {Str+3}
Will    ++++.      Rnd*Rage +   (boots unavailable)
Stlth   ++........              S - amulet of regeneration
HPRegen 1.33/turn               O - +4 ring of evasion
MPRegen 0.00/turn               R - ring "Miubehok" {+Blink rElec rN+ Will+}

@: gold aura, flying, studying Armour
A: sickness immunity, fire resistance 3, cold vulnerability 1, float, innate
caster, hp casting, extra vitality 1, berserk 1, deformed body, dopey 1,
strong-willed 1, sturdy frame 1
}: 2/15 runes: decaying, serpentine
a: Renounce Religion, Evoke Blink, Potion Petition, Call Merchant, Bribe Branch


You were on level 1 of the Elven Halls.
You worshipped Gozag.
Gozag was most pleased with you.
You visited 7 branches of the dungeon, and saw 32 of its levels.
You also visited: Ossuary.

You collected 11109 gold pieces.
You spent 1845 gold pieces at shops.
You paid 4332 gold pieces to Gozag.

Inventory:

Hand Weapons
 l - the +1 battleaxe "Aniqaall" {speed, rC+ Int+4}
   (You bought it in a shop on level 2 of the Orcish Mines)

   Attacks with this weapon are significantly faster.
   Int:       It affects your intelligence (+4).
   rC:        It protects you from cold.
 I - the +11 spear "Byecenlo" (weapon) {vorpal, Fly rN+ Dex-5 SInv}
   (You found it on level 2 of the Lair of Beasts)

   It inflicts extra damage upon your enemies.
   Dex:       It affects your dexterity (-5).
   rN:        It protects you from negative energy.
   SInv:      It lets you see invisible.
   Fly:       It grants you flight.
 Z - a +0 demon trident of draining
Armour
 q - a +2 pair of gloves of strength (worn)
 r - a scarf of resistance (worn)
 v - a +2 helmet of intelligence (worn)
 H - a +0 kite shield of reflection (worn)
 N - the +2 scale mail of Levity (worn) {rElec}
   (You found it on level 4 of the Lair of Beasts)

   rElec:     It insulates you from electricity.
Jewellery
 f - a ring of ice
 t - a ring of see invisible
 E - a +4 ring of protection
 O - a +4 ring of evasion (left hand)
 P - a ring of positive energy
 R - the ring "Miubehok" (right hand) {+Blink rElec rN+ Will+}
   (You acquired it on level 12 of the Dungeon)

   [ring of willpower]

   rElec:     It insulates you from electricity.
   rN:        It protects you from negative energy.
   +Blink:    It lets you blink.
   Will:      It increases your willpower.
 S - an amulet of regeneration (around neck)
 Y - a ring of ice
Wands
 a - a wand of iceblast (32)
 y - a wand of mindburst (24)
 B - a wand of acid (6)
 W - a wand of digging (12)
Scrolls
 b - 4 scrolls of magic mapping
 e - 5 scrolls of enchant armour
 k - 3 scrolls of silence
 o - 4 scrolls of enchant weapon
 u - 5 scrolls of vulnerability
 z - 6 scrolls of fog
 A - 2 scrolls of blinking
 C - a scroll of torment
 F - 2 scrolls of summoning
 K - a scroll of immolation
 M - 2 scrolls of brand weapon
 Q - 3 scrolls of holy word
 T - 6 scrolls of teleportation
 U - 3 scrolls of fear
 V - 10 scrolls of identify
Potions
 c - 5 potions of brilliance
 g - 5 potions of curing
 j - 4 potions of heal wounds
 m - 6 potions of ambrosia
 n - 2 potions of berserk rage
 s - 2 potions of resistance
 w - 5 potions of haste
 x - 2 potions of might
 J - 2 potions of invisibility
Miscellaneous
 d - a condenser vane
 p - a lightning rod (4/4)
 D - a tin of tremorstones (2/2)


   Skills:
 * Level 12.6 Fighting
 + Level 3.0 Polearms
 + Level 9.6 Armour
 + Level 7.6 Dodging
 + Level 4.8 Stealth
 + Level 5.4 Shields
 * Level 20.9 Spellcasting
 + Level 0.5 Evocations


You had 9 spell levels left.
You knew the following spells:

 Your Spells              Type           Power      Damage    Failure   Level
a - Foxfire               Conj/Fire      100%       2x1d9     0%          1
b - Scorch                Fire           100%       2d10      0%          2
c - Conjure Flame         Conj/Fire      94%        6-21      0%          3
d - Inner Flame           Hex/Fire       94%        N/A       0%          3
e - Flame Wave            Conj/Fire      94%        3d15      1%          4
f - Freeze                Ice            100%       1d11      0%          1
g - Blink                 Tloc           N/A        N/A       0%          2
h - Searing Ray           Conj           100%       2d8       0%          2
i - Tukima's Dance        Hex            94%        N/A       0%          3
j - Irradiate             Conj/Tmut      47%        3d29      1%          5
k - Lee's Rapid Deconstr  Erth           47%        3d23*     1%          5
l - Death Channel         Necr           47%        N/A       1%          6
m - Dragon Form           Tmut           47%        N/A       2%          7
n - Malign Gateway        Summ/Tloc      47%        N/A       2%          7
Your spell library was empty.

Dungeon Overview and Level Annotations

Branches:
Dungeon (14/15)            Temple (1/1) D:4            Lair (6/6) D:10
  Swamp (4/4) Lair:3        Snake (4/4) Lair:3        Slime (0/5) Lair:6
    Orc (2/2) D:10            Elf (1/3) Orc:2       Ossuary (visited)
 Vaults: D:13-14

Altars:
Ashenzari
Cheibriados
Dithmenos
Elyvilon
Fedhas
Gozag
Hepliaklqana
Kikubaaqudgha
Makhleb
Nemelex Xobeh
Okawaru
Qazlal
Ru
Sif Muna
Trog
Uskayaw
Vehumet
Wu Jian
Xom
Yredelemnul
Zin
The Shining One
Beogh

Shops:
D:6 *   D:7 *   D:9 !   Orc:1 [   Orc:2 =*[(   Lair:2 =

Annotations:
D:9 Potion shop
D:12 Need digging
D:14 2 transporters, Xisuv's ghost, journeyman MiDe
Lair:1 exclusion: oklob plant


Innate Abilities, Weirdness & Mutations

You are immune to sickness and miasma.
You are immune to poison.
Your flesh is almost immune to the effects of heat. (rF+++)
You are vulnerable to cold. (rC-)
You float through the air rather than walking.
You learn spells naturally, not from books.
Your magical power is your life essence.
You have superior vitality. (+4 HP)
You tend to lose your temper in combat.
Armour fits poorly on your strangely shaped body.
You are dopey. (Int -2)
You are strong-willed. (Will+)
Your movements are slightly less encumbered by armour. (ER -2)


Message History

A deep elf knight comes into view. It is wielding a +0 long sword.
The deep elf knight shouts!
A deep elf archer comes into view.
It is wielding a +2 vampiric short sword.
There are monsters nearby!
There are monsters nearby!
There are monsters nearby!
There are monsters nearby!
There are monsters nearby!
Casting: Malign Gateway (dangerous; 2% risk of failure)
Confirm with . or Enter, or press ? or * to list all spells.
The dungeon shakes, a horrible noise fills the air, and a portal to some otherworldly place is opened!
The deep elf archer unwields a +2 vampiric short sword.
The deep elf archer wields a +0 longbow.
The deep elf archer shoots an arrow.
The arrow hits you!!
Unknown command.
The deep elf archer shoots an arrow.
The arrow hits you!!
A deep elf knight comes into view. It is wielding a +0 short sword.
Your eldritch tentacle closely misses the deep elf archer.
Your eldritch tentacle completely misses the deep elf archer.
The deep elf archer shoots an arrow.
The arrow hits you!
Your eldritch tentacle slaps the deep elf archer!
Your eldritch tentacle claws the deep elf archer!!
The deep elf archer's magic leaks into the air.
The deep elf knight gestures at you while chanting.
The shard of ice hits you!!
Unknown command.
Casting: Foxfire (safe; 0% risk of failure)
Press: ? - help, Q - select action, (/) - cycle Dir - look around, f - activate You conjure some foxfire!
The deep elf archer shoots an arrow.
The arrow closely misses you. The arrow hits your foxfire!!
Your eldritch tentacle slaps the deep elf archer.
The deep elf archer dies!
The deep elf knight gestures at you while chanting.
The lance of force hits you!!
* * * LOW HITPOINT WARNING * * *
You are knocked back by the lance of force.
You slam into the rock wall!
You die...
Your body crumbles into a pile of gold.

...##.#..........####...#.
..##'...##...##..##.)....
..+....# ##.#..#.).)..... ..
..>..e.####.#:.#..)...... #.#
##$......##...##..##.....#
...##..w.....v.......####...')
##.#.............##..####)..##
#...............####..##....#
#..##....e..#.@..####.......##
#....########..##..###+###
#..##.# ##....## ....# #.#
##..## # ...# #.# #### #
....#####.# ## #.......# ##.
#######.# ##.# #.### ##+##.##


You could see a deep elf knight (ally target) and a friendly eldritch tentacle.

Vanquished Creatures
  Nikola (Snake:3)
  3 thorn hunters (Swamp:4)
  Frances (Swamp:1)
  Donald (Snake:3)
  6 nagarajas
  The ghost of Xayl the Thaumaturge, a journeyman GnWz of Sif Muna (Snake:2)
  An orc warlord (Orc:2)
  Louise (Swamp:1)
  4 bunyips
  Snorg (Lair:4)
  A deep elf high priest (Elf:1)
  6 eleionomae
  23 hydras
  11 naga warriors
  4 boulder beetles
  6 ghost crabs
  A death knight (D:12)
  5 anacondas
  3 two-headed ogres
  6 alligators
  3 catoblepae
  2 centaur warriors (D:13)
  9 shock serpents
  4 orc high priests (Orc:2)
  10 naga sharpshooters
  4 salamander mystics
  2 deep elf knights (Elf:1)
  3 skeletal warriors
  A death drake (Swamp:2)
  4 sea snakes (Snake:4)
  4 spriggan druids
  2 naga ritualists (Snake:3)
  7 goliath frogs
  5 bog bodies
  7 swamp dragons
  4 deep elf archers (Elf:1)
  Pikel (D:8)
  4 deep elf zephyrmancers (Elf:1)
  3 lindwurms
  5 orc knights
  11 deep elf pyromancers
  10 mana vipers
  3 ugly things
  5 orc sorcerers
  8 salamanders
  2 will-o-the-wisps
  23 elephants
  2 cyclopes
  3 manticores (D:12)
  8 guardian serpents (Snake:4)
  13 naga magi
  5 apocalypse crabs (Swamp:2)
  Maurice (D:11)
  34 black mambas
  A gargoyle (D:13)
  16 cane toads
  2 unseen horrors
  A freezing wraith (D:14)
  3 rime drakes
  2 tormentors (D:12)
  2 tengu conjurers (D:13)
  11 komodo dragons
  2 trolls
  10 tyrant leeches
  A polar bear (Lair:6)
  28 blink frogs
  13 slime creatures
  4 hornets
  2 bloated husks
  14 dream sheep
  A vampire (D:13)
  53 yaks
  2 wraiths
  4 spriggans
  6 wyverns
  2 fire elementals (Elf:1)
  2 shadows
  6 basilisks
  A steam dragon (D:6)
  3 water elementals
  15 vampire mosquitoes
  4 wargs
  27 nagas
  Edmund (D:6)
  13 swamp worms
  2 acid dragons
  25 water moccasins
  36 orc warriors
  2 ice beasts (D:5)
  2 sky beasts
  2 black bears (Lair:1)
  8 swamp drakes
  2 necrophages (D:5)
  6 ogres
  3 boggarts (D:14)
  10 wolves
  2 phantoms (D:5)
  3 centaurs
  A kobold brigand (D:6)
  2 lemures (D:8)
  2 elf zombies (Ossuary)
  16 bullfrogs
  A scorpion (D:3)
  2 gnoll sergeants (D:6)
  A wight (D:7)
  11 electric eels
  5 howler monkeys
  13 centaur zombies
  A hound (D:3)
  4 bullfrog skeletons
  3 centaur skeletons
  4 human zombies (Ossuary)
  34 orc priests
  A gnoll shaman (D:8)
  3 jellies
  2 iguanas
  32 orc wizards
  2 hound zombies
  3 mummies (Ossuary)
  Robin (D:4)
  5 adders
  17 gnolls
  A shadow imp (D:6)
  13 white imps
  An ufetubus (D:4)
  4 adder zombies (Ossuary)
  2 adder skeletons (D:4)
  2 worms (D:3)
  4 dart slugs
  82 orcs
  4 endoplasms
  2 giant cockroaches
  A gnoll zombie (Ossuary)
  15 goblins
  5 hobgoblins
  4 jackals (D:1)
  6 quokkas
  4 ball pythons
  4 bats
  A frilled lizard (D:1)
  3 goblin zombies (Ossuary)
  6 hobgoblin zombies (Ossuary)
  2 jackal zombies (Ossuary)
  8 kobolds
  2 kobold zombies (Ossuary)
  4 quokka zombies (Ossuary)
  6 rats
  3 rat zombies (Ossuary)
  12 briar patches (Swamp:4)
  A bush (Lair:6)
1021 creatures vanquished.

Vanquished Creatures (collateral kills)
  Mara (Snake:4)
  The ghost of Atlas the Eclecticist, an adept DsIE of Vehumet (Swamp:2)
  A naga warrior (Snake:4)
  2 death knights (D:12)
  A dancing weapon (Elf:1)
  A naga sharpshooter (Snake:4)
  A deep elf knight (Elf:1)
  3 skeletal warriors
  3 sea snakes (Snake:4)
  A deep elf archer (Elf:1)
  2 deep elf pyromancers (Elf:1)
  A deep elf zephyrmancer (Elf:1)
  A manticore (D:11)
  3 naga magi (Snake:4)
  3 hydra zombies (Swamp:2)
  A wraith (D:11)
  A fire elemental (Elf:1)
  2 nagas (Snake:4)
  An orc warrior (D:9)
  An earth elemental (Elf:1)
  2 orc wizards (D:11)
  17 foxfires
50 creatures vanquished.

Vanquished Creatures (others)
  14 eldritch tentacles
  A hydra (Swamp:4)
  A dancing weapon (Elf:1)
  A lindwurm (Swamp:4)
  A bloated husk (Swamp:2)
  A howler monkey zombie (D:8)
  3 briar patches (Swamp:4)
  3231 foxfires
  22 fungi
  116 plants
3391 creatures vanquished.

Grand Total: 4462 creatures vanquished

Notes
Turn   | Place    | Note
-------+----------+-------------------------------------------
     0 | D:1      | robertstho the Djinni Fire Elementalist began the quest for
                  | the Orb.
     0 | D:1      | Reached XP level 1. HP: 15/15 MP: 0/0
   367 | D:1      | Found a faded altar of an unknown god.
   547 | D:1      | Reached XP level 2. HP: 18/21 MP: 0/0
   819 | D:1      | Reached skill level 3 in Spellcasting
  1038 | D:1      | Reached XP level 3. HP: 21/26 MP: 0/0
  1038 | D:1      | Learned a level 1 spell: Freeze
  1888 | D:2      | You are sucked into a shaft and drop 1 floor!
  2143 | D:3      | Reached skill level 1 in Fighting
  2143 | D:3      | Reached XP level 4. HP: 21/32 MP: 0/0
  2300 | D:3      | Noticed a scorpion
  2304 | D:3      | Killed a scorpion
  2305 | D:3      | Reached skill level 4 in Spellcasting
  2305 | D:3      | Reached XP level 5. HP: 33/37 MP: 0/0
  2305 | D:3      | Learned a level 2 spell: Blink
  3071 | D:3      | Noticed an ogre
  3085 | D:3      | Killed an ogre
  3086 | D:3      | Reached XP level 6. HP: 34/43 MP: 0/0
  3527 | D:4      | Noticed Robin
  3533 | D:4      | Reached skill level 5 in Spellcasting
  3536 | D:4      | Killed Robin
  3804 | D:4      | Found a staircase to the Ecumenical Temple.
  3809 | D:4      | Reached XP level 7. HP: 48/48 MP: 0/0
  3809 | D:4      | Learned a level 2 spell: Searing Ray
  3812 | D:4      | Found a burning altar of Makhleb.
  3816 | Temple   | Entered the Ecumenical Temple
  4319 | D:4      | Found an iron altar of Okawaru.
  4447 | D:5      | Entered Level 5 of the Dungeon
  4499 | D:5      | Found a sand-covered staircase.
  4510 | Ossuary  | Entered an ossuary
  4839 | Ossuary  | Reached skill level 6 in Spellcasting
  5155 | Ossuary  | Reached XP level 8. HP: 47/55 MP: 0/0
  5957 | D:5      | Reached skill level 7 in Spellcasting
  6168 | D:5      | Reached XP level 9. HP: 49/60 MP: 0/0
  6168 | D:5      | Learned a level 3 spell: Tukima's Dance
  6398 | D:5      | Reached skill level 8 in Spellcasting
  7346 | D:6      | Noticed Edmund
  7616 | D:6      | Killed Edmund
  7627 | D:6      | Reached skill level 9 in Spellcasting
  8091 | D:6      | Found Voliemp's General Store.
  8100 | D:6      | Bought a potion of flight for 39 gold pieces
  8100 | D:6      | Bought a scroll of identify for 26 gold pieces
  8100 | D:6      | Bought a scroll of identify for 26 gold pieces
  8168 | D:6      | Found a blossoming altar of Fedhas.
  8538 | D:7      | Found Vifoac's Assorted Antiques.
  8691 | D:7      | Reached XP level 10. HP: 56/67 MP: 0/0
  9558 | D:7      | Found a basalt altar of Yredelemnul.
  9560 | D:7      | Noticed a profane servitor
  9573 | D:7      | Found a glowing golden altar of the Shining One.
  9575 | D:7      | Noticed an angel
 10213 | D:8      | Reached skill level 10 in Spellcasting
 10384 | D:8      | Noticed Pikel
 10409 | D:8      | Killed Pikel
 11182 | D:9      | Found an opulent altar of Gozag.
 11182 | D:9      | Found a snail-covered altar of Cheibriados.
 11182 | D:9      | Found a sacrificial altar of Ru.
 11186 | D:9      | Became a worshipper of Gozag Ym Sagoz the Greedy
 11239 | D:9      | Found Orpheon's Distillery.
 11242 | D:9      | Bought a potion of might for 44 gold pieces
 11242 | D:9      | Bought a potion of haste for 110 gold pieces
 11851 | D:9      | Noticed a two-headed ogre
 11860 | D:9      | Killed a two-headed ogre
 11861 | D:9      | Reached skill level 5 in Fighting
 11861 | D:9      | Reached skill level 11 in Spellcasting
 11861 | D:9      | Reached XP level 11. HP: 61/75 MP: 0/0
 11861 | D:9      | Learned a level 5 spell: Irradiate
 12920 | D:10     | Entered Level 10 of the Dungeon
 12936 | D:10     | Identified a scroll of acquirement
 12937 | D:10     | Acquired a +2 helmet of intelligence
 13472 | D:10     | Found a staircase to the Lair.
 13507 | D:10     | Noticed an elephant
 13516 | D:10     | Killed an elephant
 13587 | D:10     | Found a staircase to the Orcish Mines.
 13744 | D:10     | Reached skill level 12 in Spellcasting
 13786 | D:10     | Noticed a two-headed ogre
 13795 | D:10     | Killed a two-headed ogre
 14089 | D:11     | Noticed Maurice
 14092 | D:11     | Killed Maurice
 14828 | D:11     | Noticed a seven-headed hydra
 14835 | D:11     | Killed a seven-headed hydra
 14911 | D:11     | Noticed a skeletal warrior
 14911 | D:11     | Noticed a five-headed hydra
 14911 | D:11     | Noticed a manticore
 14918 | D:11     | Noticed a cyan ugly thing
 14918 | D:11     | Noticed a skeletal warrior
 14918 | D:11     | Noticed a skeletal warrior
 14918 | D:11     | Noticed a skeletal warrior
 15051 | Lair:1   | Entered Level 1 of the Lair of Beasts
 15142 | Lair:1   | Reached XP level 12. HP: 81/83 MP: 0/0
 15798 | Lair:1   | Reached skill level 13 in Spellcasting
 16126 | Lair:1   | Found a blossoming altar of Fedhas.
 16619 | Lair:2   | Noticed an eight-headed hydra
 16629 | Lair:2   | Killed an eight-headed hydra
 16832 | Lair:2   | Identified the +11 spear "Byecenlo" {vorpal, Fly rN+ Dex-5
                  | SInv}
 17885 | Lair:2   | Reached skill level 14 in Spellcasting
 17885 | Lair:2   | Reached XP level 13. HP: 84/90 MP: 0/0
 17885 | Lair:2   | Learned a level 5 spell: Lee's Rapid Deconstruction
 18070 | Lair:2   | You are sucked into a shaft and drop 2 floors!
 18415 | Lair:3   | Found a staircase to the Swamp.
 18442 | Lair:3   | Found a staircase to the Snake Pit.
 19486 | Lair:3   | Noticed a boulder beetle
 19531 | Lair:3   | Killed a boulder beetle
 20043 | Lair:4   | Noticed a four-headed hydra
 20050 | Lair:4   | Reached skill level 15 in Spellcasting
 20051 | Lair:4   | Killed a four-headed hydra
 20871 | Lair:4   | Reached XP level 14. HP: 49/98 MP: 0/0
 21032 | Lair:4   | Noticed Snorg
 21036 | Lair:4   | Killed Snorg
 22668 | Lair:5   | Gained mutation: You are dopey. (Int -2) [mutagenic glow]
 23030 | Lair:5   | Reached skill level 1 in Shields
 23031 | Lair:5   | Reached skill level 5 in Dodging
 23031 | Lair:5   | Reached skill level 16 in Spellcasting
 23732 | Lair:4   | Identified the +2 scale mail of Levity {rElec}
 24577 | Lair:6   | Entered Level 6 of the Lair of Beasts
 24927 | Lair:6   | HP: 4/99 [komodo dragon (20)]
 25818 | Lair:6   | Found a staircase to the Slime Pits.
 26768 | Lair:6   | Reached XP level 15. HP: 94/105 MP: 0/0
 26768 | Lair:6   | Learned a level 6 spell: Death Channel
 26771 | Lair:6   | Reached skill level 1 in Armour
 28732 | Lair:6   | Reached skill level 17 in Spellcasting
 29330 | Orc:1    | Entered Level 1 of the Orcish Mines
 29665 | Orc:1    | HP: 3/105 [orc priest/divine providence (15)]
 30273 | Orc:2    | Entered Level 2 of the Orcish Mines
 31260 | Orc:2    | Found a staircase to the Elven Halls.
 32184 | Orc:2    | Noticed an orc warlord
 33112 | Orc:1    | Bought a +2 pair of gloves of strength for 258 gold pieces
 33147 | Orc:2    | Killed an orc warlord
 34650 | Orc:2    | Found Joanoipp's General Store.
 34651 | Orc:2    | Found Coxewkuj's Jewellery Shoppe.
 34653 | Orc:2    | Found Lez Das's Antique Armour Emporium.
 34653 | Orc:2    | Found Dozych's Antique Weapon Emporium.
 34659 | Orc:2    | Bought a jewelled war axe for 314 gold pieces
 34659 | Orc:2    | Identified the +8 war axe of the Solstice {vorpal, Str+2}
                  | (You bought it in a shop on level 2 of the Orcish Mines)
 34659 | Orc:2    | Bought a fading battleaxe for 425 gold pieces
 34659 | Orc:2    | Identified the +1 battleaxe "Aniqaall" {speed, rC+ Int+4}
                  | (You bought it in a shop on level 2 of the Orcish Mines)
 34668 | Orc:2    | Bought a potion of curing for 42 gold pieces
 35093 | Snake:1  | Entered Level 1 of the Snake Pit
 36466 | D:12     | HP: 4/107 [mirror damage (6)]
 36467 | D:12     | Reached XP level 16. HP: 4/112 MP: 0/0
 37736 | D:12     | Reached skill level 1 in Polearms
 37736 | D:12     | Reached skill level 18 in Spellcasting
 37929 | D:12     | Identified the +0 robe of Delicate Mirth {Str+3}
 39016 | Swamp:1  | Entered Level 1 of the Swamp
 39023 | Swamp:1  | Reached skill level 10 in Fighting
 39113 | Swamp:1  | Noticed Frances
 39131 | Swamp:1  | HP: 1/113 [alligator (11)]
 41382 | Swamp:2  | Found a large runed translucent door.
 41383 | Swamp:2  | Found a large runed translucent door.
 41504 | Swamp:2  | Found a runed translucent door.
 41552 | Swamp:2  | Noticed Atlas's ghost (adept DsIE)
 42686 | Swamp:2  | Paralysed by you for 3 turns
 43238 | Swamp:1  | Killed Frances
 43568 | Swamp:1  | Reached skill level 5 in Armour
 43888 | Swamp:1  | Noticed Louise
 43900 | Swamp:1  | Killed Louise
 43901 | Swamp:1  | Reached XP level 17. HP: 93/120 MP: 0/0
 43901 | Swamp:1  | Learned a level 7 spell: Dragon Form
 45478 | Swamp:3  | Reached skill level 19 in Spellcasting
 45731 | Swamp:4  | Entered Level 4 of the Swamp
 46038 | Swamp:4  | Noticed a thorn hunter
 46041 | Swamp:4  | Noticed a thorn hunter
 46382 | Swamp:4  | Killed a thorn hunter
 46384 | Swamp:4  | Killed a thorn hunter
 46811 | Swamp:4  | Gained mutation: You are clumsy. (Dex -2) [mutagenic glow]
 46821 | Swamp:4  | Gained mutation: You have hidden genetic potential.
                  | [mutagenic glow]
 46847 | Swamp:4  | Gained mutation: You are frail. (-10% HP) [mutagenic glow]
 46853 | Swamp:3  | Gained mutation: Your flesh is almost immune to the effects
                  | of heat. (rF+++) [mutagenic glow]
 47705 | Swamp:4  | Noticed a thorn hunter
 47710 | Swamp:4  | Killed a thorn hunter
 47733 | Swamp:4  | Gained mutation: Your body sometimes deteriorates upon
                  | taking damage. [mutagenic glow]
 48691 | Swamp:4  | Got a decaying rune of Zot
 51159 | Snake:2  | Reached XP level 18. HP: 110/115 MP: 0/0
 51201 | Snake:2  | Lost mutation: You are frail. (-10% HP) [mutagenic glow]
 51542 | Snake:2  | Found a runed translucent door.
 51542 | Snake:2  | Noticed Xayl's ghost (journeyman GnWz)
 51872 | Snake:2  | Killed Xayl's ghost
 51872 | Snake:2  | Gained mutation: You sometimes lose the ability to read
                  | scrolls when taking damage. [mutagenic glow]
 52716 | Snake:3  | Noticed Nikola
 52728 | Snake:3  | Killed Nikola
 53010 | Snake:3  | Noticed Donald
 53015 | Snake:3  | Killed Donald
 53826 | Snake:3  | Gained mutation: You are very clumsy. (Dex -4) [mutagenic
                  | glow]
 53836 | Snake:3  | Gained mutation: You tend to lose your temper in combat.
                  | [mutagenic glow]
 53956 | Snake:4  | Entered Level 4 of the Snake Pit
 54029 | Snake:4  | Gained mutation: Your movements are slightly less
                  | encumbered by armour. (ER -2) [hidden potential]
 54450 | Snake:4  | Reached skill level 20 in Spellcasting
 54748 | Snake:4  | Reached XP level 19. HP: 87/135 MP: 0/0
 54748 | Snake:4  | Learned a level 7 spell: Malign Gateway
 54755 | Snake:4  | Gained mutation: Your body often deteriorates upon taking
                  | damage. [mutagenic glow]
 54768 | Snake:4  | Gained mutation: You often lose your temper in combat.
                  | [mutagenic glow]
 54960 | Snake:4  | Gained mutation: Armour fits poorly on your strangely
                  | shaped body. [mutagenic glow]
 54979 | Snake:4  | Lost mutation: You are dopey. (Int -2) [mutagenic glow]
 54989 | Snake:4  | Gained mutation: You are weak. (Str -2) [mutagenic glow]
 55012 | Snake:4  | Gained mutation: You are dopey. (Int -2) [mutagenic glow]
 55028 | Snake:4  | Gained mutation: You occasionally shout uncontrollably at
                  | your foes. [mutagenic glow]
 55148 | Snake:4  | Got a serpentine rune of Zot
 55339 | Snake:4  | Noticed Mara
 55351 | Snake:4  | Noticed robertstho's illusion
 55381 | Snake:4  | Killed Mara
 55711 | D:11     | Reached skill level 5 in Shields
 55784 | D:11     | Gained mutation: You are strong-willed. (Will+) [hidden
                  | potential]
 55784 | D:11     | Lost mutation: You have hidden genetic potential. [hidden
                  | potential expressed]
 55970 | D:12     | Acquired the ring "Miubehok" {+Blink rElec rN+ Will+}
 56097 | D:9      | Bought a potion of invisibility for 88 gold pieces
 56097 | D:9      | Bought a potion of heal wounds for 55 gold pieces
 56097 | D:9      | Bought 2 potions of haste for 220 gold pieces
 56097 | D:9      | Bought a potion of resistance for 110 gold pieces
 56097 | D:9      | Bought a potion of ambrosia for 88 gold pieces
 56199 | D:13     | Gained mutation: You are very weak. (Str -4) [mutagenic
                  | glow]
 56464 | D:13     | Lost mutation: You are very clumsy. (Dex -4) [potion of
                  | mutation]
 56464 | D:13     | Lost mutation: You occasionally shout uncontrollably at
                  | your foes. [potion of mutation]
 56464 | D:13     | Lost mutation: You are very weak. (Str -4) [potion of
                  | mutation]
 56465 | D:13     | Lost mutation: Your body often deteriorates upon taking
                  | damage. [potion of mutation]
 56465 | D:13     | Lost mutation: You sometimes lose the ability to read
                  | scrolls when taking damage. [potion of mutation]
 56465 | D:13     | Lost mutation: You are dopey. (Int -2) [potion of mutation]
 56465 | D:13     | Gained mutation: Your spells are a little harder to cast,
                  | but a little more powerful. [potion of mutation]
 56466 | D:13     | Lost mutation: You are weak. (Str -2) [potion of mutation]
 56466 | D:13     | Lost mutation: You often lose your temper in combat.
                  | [potion of mutation]
 56466 | D:13     | Gained mutation: Your body often deteriorates upon taking
                  | damage. [potion of mutation]
 56466 | D:13     | Lost mutation: You are clumsy. (Dex -2) [potion of
                  | mutation]
 56467 | D:13     | Lost mutation: Your spells are a little harder to cast, but
                  | a little more powerful. [potion of mutation]
 56467 | D:13     | Lost mutation: Your body often deteriorates upon taking
                  | damage. [potion of mutation]
 56467 | D:13     | Lost mutation: Your body sometimes deteriorates upon taking
                  | damage. [potion of mutation]
 56467 | D:13     | Lost mutation: Armour fits poorly on your strangely shaped
                  | body. [potion of mutation]
 56670 | D:14     | Gained mutation: Armour fits poorly on your strangely
                  | shaped body. [mutagenic glow]
 56737 | D:14     | Gained mutation: You are dopey. (Int -2) [mutagenic glow]
 56862 | D:14     | Found a transporter.
 56862 | D:14     | Noticed Xisuv's ghost (journeyman MiDe)
 56863 | D:14     | Identified the +8 great mace of Coppos {freeze, rPois rC+
                  | rCorr}
 56864 | D:14     | Found a transporter.
 57425 | Swamp:2  | Identified the +5 helmet of Day {Harm *Slow rCorr}
 57459 | Swamp:2  | Killed Atlas's ghost
 57489 | Swamp:2  | Identified the +1 plate armour "Icona" {Will++}
 57596 | Elf:1    | Entered Level 1 of the Elven Halls
 57976 | Elf:1    | Reached XP level 20. HP: 64/143 MP: 0/0
 58178 | Elf:1    | Collided with a rock wall

Illustrated notes

Levels and vault maps discovered:
D:1:      eino_arrival_druids_welcome, layout_rooms,
          ebering_ecumenical_altar_abandoned, feat_on_display
D:2:      layout_loops_cross
D:3:      layout_rooms
D:4:      layout_cave_pools, overflow_temple_1_default, lemuel_round_altar,
          minmay_temple_entry_gardened_gates, uniq_robin
D:5:      layout_loops_ring, enter_ossuary_1
D:6:      layout_rooms, mainiacjoe_overflow_alcove_4, serial_shops,
          nicolae_shop_trees, uniq_edmund
D:7:      layout_basic, grunt_temple_overflow_holy_war, serial_shops,
          nicolae_take_the_stairs, minmay_fractal_squares_diagonal_5
D:8:      layout_rooms, hex_tiny, hangedman_decor_slide_cut, kennysheep_donut,
          lemuel_flamethrower_1, uniq_pikel
D:9:      layout_gridville, nicolae_overflow_quartered_altars, serial_shops,
          shop
D:10:     layout_loops_cross, david_lair_generic
D:11:     layout_basic, gauntlet_entry_generic, grunt_potential, uniq_maurice
D:12:     cheibrodos_tormentor_scu, layout_basic
D:13:     layout_cave_pools
D:14:     layout_roguey [special_room_orc], grunt_vaults_entry_fortified,
          gammafunk_ghost_smash, kennysheep_two_boxes
Temple:   cyrus_circular_temple
Lair:1:   layout_regular_city, tgw_fedhas, infiniplex_staircase_pool
Lair:2:   layout_long_grid, hibernation_bobbens, lemuel_fruit_fields,
          grunt_megastairs_5
Lair:3:   layout_gridlike, swamp_mist, minmay_snake_entry_six_corridors
Lair:4:   layout_gridlike, portal_ice_cave_entry_imps,
          chequers_serial_rivers_small_a, kennysheep_catoblepas_arena,
          grunt_megastairs_1, uniq_snorg
Lair:5:   layout_hall_layers, grunt_megastairs_2, serial_bayou_shore_a,
          serial_bayou_shore_b
Lair:6:   minmay_lair_end_frog_pond, layout_hall_layers, slime_dummy
Swamp:1:  layout_basic_swamp, nicolae_swamp_bean_lake, swamp_pool1,
          uniq_frances, uniq_louise
Swamp:2:  gammafunk_mikee_crab_dinner, layout_basic_swamp,
          ebering_ghost_disaster_area, nicolae_swamp_godswood,
          nicolae_swamp_necromancy_gone_wrong
Swamp:3:  layout_falls_marsh, nicolae_swamp_oxbows
Swamp:4:  swamp_alternative, layout_basic_swamp
Snake:1:  layout_layer_cave, st_stairs_14, nicolae_snake_gridmaze_squiggle
Snake:2:  layout_cave_shapes, gammafunk_ghost_grave, serial_bayou_pond_c,
          guppyfry_library_mini
Snake:3:  layout_rooms, serial_curves, eino_curves_03, eino_curves_01,
          eino_curves_01, eino_curves_04, nicolae_snake_serpentine_hallways,
          uniq_donald, uniq_nikola
Snake:4:  grunt_snake_rune_pools, layout_cave_town, grunt_ministairs_5,
          uniq_mara
Orc:1:    layout_caves, basic_altar
Orc:2:    st_orc_congregation, layout_caves, nicolae_orc_lava_tube
Elf:1:    eino_elf_arrival_shootout, layout_geoelf_grid, minmay_elf_demonology,
          nicolae_wwwww

Skill      XL: |  1  2  3  4  5  6  7  8  9 10 11 12 13 14 15 16 17 18 19 |
---------------+----------------------------------------------------------+-----
Spellcasting   | 3 4 5 6 7 9 11 12 14 15 16 17 18 19 20 | 20.9
Fighting       | 1 2 3 4 5 6 7 8 9 10 11 12 | 12.6
Stealth        | 2 3 4 |  4.8
Dodging        | 3 4 5 6 7 |  7.6
Shields        | 1 2 3 4 5 |  5.4
Armour         | 3 5 6 8 9 |  9.6
Polearms       | 1 2 3 |  3.0
Evocations     | |  0.5

Action                   |  1- 3 |  4- 6 |  7- 9 | 10-12 | 13-15 | 16-18 | 19-21 || total
-------------------------+-------+-------+-------+-------+-------+-------+-------++-------
Melee: Unarmed           |       |       |       |     4 |       |       |       ||     4
       Spear             |       |       |       |     6 |     3 |    80 |    25 ||   114
 Cast: Foxfire           |    93 |    93 |   257 |   376 |   652 |   357 |    37 ||  1865
       Scorch            |       |     1 |    48 |   105 |    10 |       |       ||   164
       Flame Wave        |       |       |     7 |    32 |    81 |    58 |     8 ||   186
       Tukima's Dance    |       |       |       |     1 |     6 |     1 |       ||     8
       Lee's Rapid Decon |       |       |       |       |   141 |    60 |    28 ||   229
       Irradiate         |       |       |       |       |    54 |   187 |    79 ||   320
       Inner Flame       |       |       |       |       |     1 |       |       ||     1
       Malign Gateway    |       |       |       |       |       |       |    15 ||    15
Invok: Call Merchant     |       |       |       |     1 |     1 |       |       ||     2
       Potion Petition   |       |       |       |       |       |     6 |       ||     6
Evoke: Wand              |       |       |       |       |     1 |       |     1 ||     2
       Lightning rod     |       |       |       |       |     2 |     3 |       ||     5
       Tin of tremorston |       |       |       |       |     2 |     1 |       ||     3
  Use: Scroll            |     4 |       |    13 |     9 |    11 |     8 |     3 ||    48
       Potion            |       |       |       |     1 |     7 |     3 |     4 ||    15
 Stab: Distracted        |       |       |       |       |       |     1 |     1 ||     2
Armor: Robe              |     3 |     3 |    18 |       |       |       |       ||    24
       Steam dragon scal |       |       |       |    47 |    34 |       |       ||    81
       Scale mail        |       |       |       |       |    61 |   173 |    82 ||   316
Dodge: Dodged            |    10 |     7 |    35 |    84 |    79 |   188 |   104 ||   507
Block: Kite shield       |       |       |       |       |    77 |   163 |    66 ||   306
       Reflection        |       |       |       |       |       |     1 |    16 ||    17

Table legend: (Time is in decaauts)
 A = Elapsed time spent in this place.
 B = Non-inter-level travel time spent in this place.
 C = Inter-level travel time spent in this place.
 D = Time resting spent in this place.
 E = Time spent auto-exploring this place.
 F = Levels seen in this place.
 G = Mean time per level.
                   A        B        C        D        E       F      G
               +--------+--------+--------+--------+--------+-----+--------+
         Total |  58216 |  55489 |   2727 |  11786 |  37052 |  33 | 1764.1 |
       Dungeon |  18543 |  17411 |   1132 |   1405 |  13928 |  14 | 1324.5 |
        Temple |     51 |     42 |      9 |      0 |     34 |   1 |   51.0 |
          Lair |  15208 |  14421 |    787 |   3906 |   9238 |   6 | 2534.7 |
         Swamp |  10367 |   9974 |    393 |   3643 |   5296 |   4 | 2591.8 |
     Snake Pit |   6908 |   6627 |    281 |    479 |   5133 |   4 | 1727.0 |
  Orcish Mines |   5125 |   5003 |    122 |   1859 |   2284 |   2 | 2562.5 |
   Elven Halls |    582 |    582 |      0 |     29 |    374 |   1 |  582.0 |
       Ossuary |   1429 |   1429 |      0 |    464 |    765 |   1 | 1429.0 |
               +--------+--------+--------+--------+--------+-----+--------+

Top non-repeatable levels by time:
  Lair:5: 4480 daAuts
 Swamp:2: 4366 daAuts
  Lair:3: 3120 daAuts
    D:12: 2970 daAuts
 Swamp:3: 2915 daAuts
   Orc:1: 2588 daAuts
  Lair:4: 2584 daAuts
   Orc:2: 2537 daAuts
 Snake:1: 1859 daAuts
     D:9: 1853 daAuts
 Snake:3: 1830 daAuts
    D:10: 1791 daAuts
  Lair:2: 1785 daAuts
  Lair:1: 1669 daAuts
 Snake:2: 1655 daAuts
